 Dungeon Crawl Stone Soup version 0.29-a0-294-g83ea962da3 (webtiles) character file.

Game seed: 9309905460145657295

2170 Dabor the Slasher (level 9, -11/56 HPs)
             Began as a Tengu Berserker on Mar 18, 2022.
             Was a Priest of Trog.
             Killed by divine providence
             ... invoked by an orc priest
              (18 damage)
             ... on level 7 of the Dungeon.
             The game lasted 00:10:26 (6241 turns).

Dabor the Slasher (Tengu Berserker)                 Turns: 6241, Time: 00:10:26

Health: -11/56     AC:  9    Str: 21    XL:     9   Next: 32%
Magic:  10/10      EV: 15    Int:  8    God:    Trog [***...]
Gold:   299        SH:  0    Dex: 14    Spells: 8/8 levels left

rFire   . . .      SeeInvis .   z - +1 short sword (protect)
rCold   + . .      Faith    .   (no shield)
rNeg    . . .      Spirit   .   A - +0 scale mail
rPois   .          Reflect  .   (helmet restricted)
rElec   .          Harm     +   i - scarf {harm}
rCorr   .          Rampage  .   n - +0 pair of gloves
Will    .....                   (boots unavailable)
Stlth   ..........              (no amulet)
HPRegen 0.18/turn               w - ring of protection from cold
MPRegen 0.12/turn               (no ring)

@: flying quickly and evasively, quick
A: beak, talons 3, nimble flight
a: Renounce Religion, Berserk, Trog's Hand


You were on level 7 of the Dungeon.
You worshipped Trog.
Trog was most pleased with you.
You visited 1 branch of the dungeon, and saw 9 of its levels.
You also visited: Sewer.

You collected 299 gold pieces.

Inventory:

Hand Weapons
 a - a +0 falchion
 f - a +2 vorpal hand axe
 z - a +1 short sword of protection (weapon)
Armour
 b - a +0 animal skin
 i - a scarf of harm (worn)
 n - a +0 pair of gloves (worn)
 p - a +0 leather armour
 A - a +0 scale mail (worn)
Jewellery
 d - a ring of fire
 w - a ring of protection from cold (left hand)
Scrolls
 e - a scroll of magic mapping
 h - a scroll of brand weapon
 j - a scroll of immolation
 l - a scroll of identify
 r - 2 scrolls of vulnerability
 t - a scroll of fog
Potions
 c - 2 potions of curing
 g - 2 potions of resistance
 k - a potion of magic {unknown}
 o - a potion of berserk rage
 s - 3 potions of lignification {unknown}
 u - a potion of invisibility {unknown}
 v - a potion of haste {unknown}
 x - a potion of might {unknown}


   Skills:
 + Level 6.7 Fighting
 + Level 7.3 Long Blades
 + Level 7.0 Armour
 + Level 6.9 Dodging


You had 8 spell levels left.
You didn't know any spells.
Your spell library was empty.

Dungeon Overview and Level Annotations

Branches:
Dungeon (9/15)             Temple (0/1) D:5           Sewer (visited)
   Lair: D:8-11         Orc: D:9-12

Altars:
Vehumet
Wu Jian
Zin

Annotations:
D:4 exclusion: statue
D:6 Edmund


Innate Abilities, Weirdness & Mutations

You have a beak for a mouth.
You have claws for feet.
Your magical nature lets you fly swiftly and evasively.


Message History

Your wight hits the orc warrior with a +0 war axe.
Your necrophage barely misses the orc warrior.
The orc warrior closely misses you.
You feel yourself speed up.
The orc warrior hits your wight with a +0 halberd.
The orc warrior closely misses your wight.
Your wight hits the orc warrior with a +4 battleaxe of freezing!
Your wight freezes the orc warrior.
The orc warrior closely misses something.
Your wight hits the orc warrior with a +4 battleaxe of freezing!
Your wight freezes the orc warrior.
The orc warrior dies!
Trog accepts your kill.
Your Armour skill increases to level 7!
Your wight closely misses the orc.
The orc throws a boomerang.
The boomerang barely misses your wight.
The boomerang hits you but does no damage.
Your wight hits the orc with a +4 battleaxe of freezing!
Your wight freezes the orc.
The orc dies!
Trog accepts your kill.
Your wight closely misses the orc.
The orc hits your wight with a +0 whip.
Your wight dissolves into shadows!
Your wight hits the orc with a +4 battleaxe of freezing!
Your wight freezes the orc.
The orc dies!
Trog accepts your kill.
Your wight dissolves into shadows!
Search for what [Enter for "."]? .
You recover from your berserk rage.
There is a stone staircase leading up here.
Your wight dissolves into shadows!
Press: ? - help, v - describe, . - travel
Here: a wight, wielding a +4 battleaxe of freezing and wearing a +0 robe (heavily damaged, summoned, friendly)
The floor.
An orc priest comes into view. It is wielding a +0 flail.
Your necrophage dissolves into shadows!
The orc priest invokes the aid of Beogh against you.
Beogh smites you!
You die...

## # # #. .# #. .o
.#.# #. ...# # #.
#..# ## ... #.
#.#.## #..
.....#.#####.##.##
#.#
#...@.z....<#.###.#
#................#.#
#####.####..#......#
#. #..####...# #.
#..####...### #.
#...........# #.
..........#)# ##
##...###.#)#.# ..
...#.#)#


You could see an orc priest and a friendly wight (summoned).

Vanquished Creatures
  A water moccasin (Sewer)
  An ice beast (D:6)
  2 ogres (D:5)
  2 centaurs
  A phantom (D:5)
  2 kobold brigands (D:9)
  2 bullfrogs
  2 scorpions (D:5)
  A howler monkey (D:9)
  5 hounds
  A jelly (D:4)
  6 iguanas
  4 orc priests
  2 orc wizards
  A gnoll (D:1)
  6 adders
  A white imp (D:7)
  5 worms
  2 dart slugs
  13 orcs
  6 ball pythons
  9 endoplasms
  4 giant cockroaches
  7 goblins
  9 hobgoblins
  5 jackals
  4 quokkas
  9 bats
  4 frilled lizards
  15 kobolds
  9 rats
141 creatures vanquished.

Vanquished Creatures (collateral kills)
  An orc warrior (D:7)
  An ice beast (D:7)
  6 killer bees (D:9)
  3 orcs (D:7)
  2 kobolds (D:9)
13 creatures vanquished.

Vanquished Creatures (others)
  38 plants (D:9)
38 creatures vanquished.

Grand Total: 192 creatures vanquished

Notes
Turn   | Place    | Note
-------+----------+-------------------------------------------
     0 | D:1      | Dabor the Tengu Berserker began the quest for the Orb.
     0 | D:1      | Reached XP level 1. HP: 14/14 MP: 2/2
   289 | D:1      | Reached XP level 2. HP: 11/19 MP: 3/3
   492 | D:1      | Found a faded altar of an unknown god.
   766 | D:1      | Reached XP level 3. HP: 23/23 MP: 4/4
  1662 | D:2      | Reached XP level 4. HP: 20/28 MP: 5/5
  1959 | D:2      | Reached ** piety under Trog
  2085 | D:3      | Gained mutation: Your magical nature lets you fly swiftly
                  | and evasively. [Tengu growth]
  2085 | D:3      | Reached XP level 5. HP: 33/33 MP: 6/6
  2132 | D:3      | Found a glowing drain.
  2141 | Sewer    | Entered a sewer
  2206 | Sewer    | Noticed a water moccasin
  2215 | Sewer    | Killed a water moccasin
  2216 | Sewer    | Reached XP level 6. HP: 38/38 MP: 7/7
  3113 | D:4      | Found a radiant altar of Vehumet.
  4004 | D:4      | Reached skill level 5 in Long Blades
  4034 | D:4      | Reached XP level 7. HP: 14/44 MP: 8/8
  4383 | D:5      | Entered Level 5 of the Dungeon
  4947 | D:5      | Reached skill level 5 in Fighting
  5000 | D:5      | Reached skill level 5 in Armour
  5042 | D:5      | Reached skill level 5 in Dodging
  5091 | D:5      | Reached XP level 8. HP: 35/49 MP: 9/9
  5385 | D:5      | Found a staircase to the Ecumenical Temple.
  5996 | D:6      | Noticed Edmund
  6007 | D:6      | You are sucked into a shaft and drop 3 floors!
  6023 | D:9      | Reached XP level 9. HP: 18/55 MP: 10/10
  6024 | D:9      | Reached *** piety under Trog
  6032 | D:9      | Found an ornate altar of the Wu Jian Council.
  6158 | D:9      | Noticed a komodo dragon
  6182 | D:8      | Found a glowing silver altar of Zin.
  6241 | D:7      | Killed from afar by an orc priest

Illustrated notes

Levels and vault maps discovered:
D:1:      dpeg_arrival_simpleton_a, layout_basic,
          shapermc_ecumenical_altar_starsandcircs
D:2:      layout_basic
D:3:      layout_basic, lightli_sewer_entry_pipes
D:4:      layout_rooms, vehumet_statue, minmay_circle_x
D:5:      nicolae_cairo_tiling_large_dashed, layout_loops_cross,
          minmay_temple_entry_crystal_x, grunt_decor_cap
D:6:      layout_loops_ring, uniq_edmund
D:7:      layout_loops_ring, fedhas_ov_isle_minmay,
          mainiacjoe_overflow_big_doors, chequers_serial_rivers_micro_c
D:8:      layout_loops_ring, mainiacjoe_overflow_catwalk,
          chequers_decorated_corner
D:9:      lemuel_bear_cage, layout_long_grid, nicolae_wu_jian_glorious_leap,
          david_lair_shrubbed, kennysheep_windowed_goal

Skill      XL: |  1  2  3  4  5  6  7  8  9 |
---------------+----------------------------+-----
Armour         | 3 4 5 6 7 |  7.0
Dodging        | 3 4 5 6 |  6.9
Long Blades    | 4 5 6 7 |  7.3
Fighting       | 4 5 6 |  6.7

Action                   |  1- 3 |  4- 6 |  7- 9 || total
-------------------------+-------+-------+-------++-------
Melee: Falchion          |     6 |       |       ||     6
       Hand axe          |    43 |   115 |    53 ||   211
       Kick              |    10 |    25 |    37 ||    72
       Peck              |     8 |    16 |    23 ||    47
       Punch             |       |     1 |     1 ||     2
       Short sword       |       |       |    67 ||    67
Invok: Berserk           |       |     4 |     9 ||    13
       Trog's Hand       |       |     1 |     1 ||     2
  Use: Scroll            |       |     1 |    12 ||    13
       Potion            |       |     1 |     2 ||     3
 Stab: Sleeping          |     4 |       |       ||     4
       Distracted        |       |     1 |     1 ||     2
Armor: Animal skin       |     6 |    15 |       ||    21
       Leather armour    |       |    19 |     9 ||    28
       Scale mail        |       |       |    37 ||    37
Dodge: Dodged            |    27 |    93 |   114 ||   234

Table legend: (Time is in decaauts)
 A = Elapsed time spent in this place.
 B = Non-inter-level travel time spent in this place.
 C = Inter-level travel time spent in this place.
 D = Time resting spent in this place.
 E = Time spent auto-exploring this place.
 F = Levels seen in this place.
 G = Mean time per level.
                   A        B        C        D        E       F      G
               +--------+--------+--------+--------+--------+-----+--------+
         Total |   6209 |   6078 |    131 |   1357 |   3560 |  10 |  620.9 |
       Dungeon |   6076 |   5945 |    131 |   1357 |   3511 |   9 |  675.1 |
         Sewer |    132 |    132 |      0 |      0 |     49 |   1 |  132.0 |
               +--------+--------+--------+--------+--------+-----+--------+

Top non-repeatable levels by time:
     D:1: 1499 daAuts
     D:5: 1272 daAuts
     D:3: 1218 daAuts
     D:4: 1129 daAuts
     D:2: 602 daAuts
     D:9: 180 daAuts
   Sewer: 132 daAuts
     D:6: 112 daAuts
     D:7: 55 daAuts
     D:8: 6 daAuts
